 Dungeon Crawl Stone Soup version 0.28-a0-804-g60983d4ba9 (webtiles) character file.

Game seed: 941705666470391409

20 croobank the Insei (level 2, -2/18 HPs)
             Began as an Octopode Transmuter on Nov 7, 2021.
             Slain by Natasha (4 damage)
             ... on level 2 of the Dungeon.
             The game lasted 00:05:18 (1519 turns).

croobank the Insei (Octopode Transmuter)            Turns: 1519, Time: 00:05:19

Health: -2/18      AC:  1    Str:  9    XL:     2   Next: 79%
Magic:  3/5        EV: 13    Int: 15    God:
Gold:   61         SH:  0    Dex: 12    Spells: 2/5 levels left

rFire   . . .      SeeInvis +   c - +0 short sword
rCold   . . .      Faith    .   (no shield)
rNeg    . . .      Spirit   .   (helmet restricted)
rPois   .          Reflect  .   (no amulet)
rElec   .          Harm     .   h - ring of see invisible
rCorr   .          Rampage  .   (no ring)
Will    .....                   (no ring)
Stlth   +++.......              (no ring)
HPRegen 0.06/turn               (no ring)
MPRegen 0.09/turn               (no ring)
                                (no ring)
                                (no ring)

@: wereblooded, slowed, very slow
A: almost no armour, amphibious, 8 rings, camouflage 1, gelatinous body 1,
(nimble swimmer 1), tentacles
a: no special abilities


You were on level 2 of the Dungeon.
You visited 1 branch of the dungeon, and saw 2 of its levels.

You collected 61 gold pieces.

Inventory:

Hand Weapons
 c - a +0 short sword (weapon)
 e - a +0 dagger
 g - a +0 quarterstaff
Missiles
 b - a boomerang (quivered)
 d - 21 stones
 i - 18 bolts
Jewellery
 h - a ring of see invisible (left tentacle)
Potions
 a - a potion of flight {unknown}
 f - a potion of curing {unknown}


   Skills:
 + Level 1.1 Fighting
 + Level 0.1 Short Blades
 + Level 2.3 Dodging
 + Level 1.0 Stealth
 + Level 3.5 Unarmed Combat
 + Level 2.0 Spellcasting
 + Level 2.0 Transmutations


You had 2 spell levels left.
You knew the following spells:

 Your Spells              Type           Power      Damage    Failure   Level
a - Beastly Appendage     Tmut           14%        N/A       10%         1
b - Wereblood             Tmut           7%         N/A       14%         2

Your spell library contained the following spells:

 Spells                   Type           Power      Damage    Failure   Level
 Spider Form              Tmut/Pois      4%         N/A       41%         3
 Ice Form                 Ice/Tmut       4%         N/A       82%         4


Dungeon Overview and Level Annotations

Branches:
Dungeon (2/15)

Altars:

Annotations:
D:2 Natasha


Innate Abilities, Weirdness & Mutations

You cannot wear most types of armour.
You are amphibious.
You can wear up to eight rings at the same time.
Your skin changes colour to match your surroundings (Stealth+).
Your rubbery body absorbs attacks. (AC +1, EV +1)
((You are camouflaged near water. (Stealth+)))
You have tentacles for arms and can constrict up to eight enemies at once.


Message History

You kill the bat!
You see here a bat corpse.
You open the door.
Natasha, Servant of Life and Death comes into view.
There is an open door here.
Throw: 2 boomerangs
Press: ? - help, Q - select action, (/) - cycle Shift-Dir - straight line, f - Natasha
Aim: Natasha (asleep, 98% to hit)
You throw a boomerang. The boomerang hits Natasha.
Natasha is moderately wounded.
Natasha stares at you and mumbles some strange words.
You feel yourself slow down.
Throw: 2 boomerangs
Press: ? - help, Q - select action, (/) - cycle Shift-Dir - straight line, f/p - Natasha
Aim: Natasha (moderately wounded, 47% to hit)
You throw a boomerang.
The boomerang hits Natasha but does no damage.
Natasha is moderately wounded.
Throw: boomerang
Press: ? - help, Q - select action, (/) - cycle Shift-Dir - straight line, f/p - Natasha
Aim: Natasha (moderately wounded, 47% to hit)
You throw a boomerang. The boomerang hits Natasha.
Natasha is heavily wounded.
Natasha casts a spell at you. The magic dart hits you!
Casting: Beastly Appendage (safe; 10% risk of failure)
Confirm with . or Enter, or press ? or * to list all spells.
You don't know that spell.
Casting: Beastly Appendage (safe; 10% risk of failure)
Confirm with . or Enter, or press ? or * to list all spells.
Your blood is infused with primal strength.
You hit Natasha. You grab Natasha.
Natasha is heavily wounded.
You constrict Natasha, but do no damage.
Natasha claws you. x2
* * * LOW HITPOINT WARNING * * *
You hit Natasha but do no damage.
Natasha is heavily wounded.
You constrict Natasha. Natasha closely misses you. Natasha claws you.
You die...

#..#.. ###########.###
#.........#..#
#.........#..#
##.........#..##
#..........#...# #######
#.###.....†....#
.......##.##...#######.#
......h@..#.............
.......####............>
####+## #.....#.......
#.....#.......
......#.......
.#.#.#.#.......
#.#.....#......# #
###...+


You could see Natasha.

Vanquished Creatures
  2 endoplasms (D:2)
  A giant cockroach (D:1)
  4 hobgoblins
  2 quokkas (D:1)
  2 ball pythons (D:1)
  3 bats
  4 kobolds (D:1)
18 creatures vanquished.

Notes
Turn   | Place    | Note
-------+----------+-------------------------------------------
     0 | D:1      | croobank the Octopode Transmuter began the quest for the
                  | Orb.
     0 | D:1      | Reached XP level 1. HP: 13/13 MP: 3/3
   233 | D:1      | You fall into a shaft and drop 1 floor!
   660 | D:1      | Reached XP level 2. HP: 18/18 MP: 5/5
  1083 | D:1      | Found a faded altar of an unknown god.
  1336 | D:2      | Reached skill level 1 in Stealth
  1340 | D:2      | Learned a level 2 spell: Wereblood
  1513 | D:2      | Noticed Natasha
  1519 | D:2      | Slain by Natasha

Illustrated notes

Levels and vault maps discovered:
D:1:      lightli_arrival_isolated_outpost, layout_loops_ring,
          shapermc_ecumenical_altar_mp_vishouse, minmay_misc_feat_pillars,
          wad_floor_pattern_1
D:2:      layout_basic, uniq_natasha, uniq_crazy_yiuf_cottage

Skill      XL: |  1  2 |
---------------+-------+-----
Stealth        | 1 |  1.0
Fighting       | |  1.1
Short Blades   | |  0.1
Dodging        | |  2.3
Unarmed Combat | |  3.5
Spellcasting   | |  2.0
Transmutations | |  2.0

Action                   || total
-------------------------++-------
Melee: Short sword       ||    39
       Unarmed           ||     6
       Constrict         ||    13
       Tentacles         ||     4
       Kick              ||     1
Throw: Boomerang         ||     3
 Cast: Beastly Appendage ||     1
       Wereblood         ||     1
  Use: Scroll            ||     3
 Stab: Sleeping          ||     9
Armor: Skin              ||     4
Dodge: Dodged            ||    24

Table legend: (Time is in decaauts)
 A = Elapsed time spent in this place.
 B = Non-inter-level travel time spent in this place.
 C = Inter-level travel time spent in this place.
 D = Time resting spent in this place.
 E = Time spent auto-exploring this place.
 F = Levels seen in this place.
 G = Mean time per level.
                   A        B        C        D        E       F      G
               +--------+--------+--------+--------+--------+-----+--------+
         Total |   1526 |   1469 |     57 |      0 |   1218 |   2 |  763.0 |
       Dungeon |   1526 |   1469 |     57 |      0 |   1218 |   2 |  763.0 |
               +--------+--------+--------+--------+--------+-----+--------+

Top non-repeatable levels by time:
     D:1: 1055 daAuts
     D:2: 471 daAuts
